 Dungeon Crawl Stone Soup version 0.15.0-14-g6bbbb5c (console) character file.

4995 gw the Cleaver (level 10, -7/92 HPs)
             Began as a Deep Dwarf Fighter on Sept 4, 2014.
             Was a Priest of Makhleb.
             Mangled by a komodo dragon (23 damage)
             ... on Level 10 of the Dungeon.
             The game lasted 00:07:40 (9640 turns).

gw the Cleaver (Deep Dwarf Fighter)                 Turns: 9640, Time: 00:07:40

HP  -7/92        AC 13     Str 20      XL: 10   Next: 29%
MP  11/11        EV  6     Int  9      God: Makhleb [***...]
Gold 0           SH  0     Dex 15      Spells:  0 memorised,  9 levels left

rFire  + . .     SeeInvis .     a - +3 war axe
rCold  . . .     Clarity  +     t - +0 plate armour
rNeg   . . .     rCorr    .     (no shield)
rPois  .         rRot     .     (no helmet)
rElec  .         Spirit   .     (no cloak)
SustAb .         Warding  .     (no gloves)
rMut   .         Stasis   .     (no boots)
Gourm  .                        e - amulet of clarity
MR     +....                    v - +3 ring of slaying
                                s - ring of protection from fire

@: lethally poisoned, weakened, non-regenerating, drained, somewhat resistant to
hostile enchantments, extremely unstealthy
A: damage resistance, recharge devices, sense surroundings 2, slow healing 3
a: Device Recharging, Minor Destruction, Lesser Servant of Makhleb, Renounce
Religion


You were on level 10 of the Dungeon.
You worshipped Makhleb.
Makhleb was most pleased with you.
You were not hungry.

You visited 2 branches of the dungeon, and saw 11 of its levels.

Inventory:

Hand weapons
 a - a +3 war axe (weapon)
Missiles
 b - 11 tomahawks (quivered)
 h - 312 stones
 l - 2 tomahawks of returning
 y - a javelin
Armour
 t - a +0 plate armour (worn)
Magical devices
 d - a wand of heal wounds (5)
 i - a wand of polymorph (9)
 q - a wand of lightning (5)
 u - a wand of enslavement (17)
Comestibles
 c - 3 slices of pizza
 f - 7 bread rations
 j - 9 meat rations
 m - 2 fruits
 p - 2 beef jerkies
 r - a chunk of crocodile flesh
Scrolls
 g - 5 scrolls of enchant armour
 k - 2 scrolls of remove curse
 o - 11 scrolls of identify
Jewellery
 e - an amulet of clarity (around neck)
 s - a ring of protection from fire (left hand)
 v - a +3 ring of slaying (right hand)
Potions
 n - 2 potions of haste
 w - a potion of restore abilities
Miscellaneous
 x - a stone of tremors


   Skills:
 + Level 6.4(6.0) Fighting
 * Level 10.4(10.0) Axes
 + Level 5.7(5.4) Throwing
 + Level 8.1(7.7) Armour
   Level 3.2(2.9) Shields
 + Level 5.2(4.8) Invocations


You had 9 spell levels left.
You didn't know any spells.

Dungeon Overview and Level Annotations

Branches:
Dungeon (10/15)            Temple (1/1) D:4             Orc (0/4) D:10
   Lair: D:8-11

Altars:
Ashenzari
Cheibriados
Dithmenos
Elyvilon
Fedhas
Kikubaaqudgha
Makhleb
Nemelex Xobeh
Okawaru
Qazlal
Sif Muna
Trog
Vehumet
Xom
Yredelemnul
Zin
The Shining One

Annotations:
D:9 Edmund


Innate Abilities, Weirdness & Mutations

You are resistant to damage.
You can recharge devices by infusing magical energy.
You passively map the area around you.
You do not heal naturally.


Message History

Makhleb accepts your collateral kill.
Your smoke demon gestures at the orc.
The ball of steam hits the orc.
The orc dies!
Makhleb accepts your collateral kill.
The orc priest looks braver.
MOVING TO (6,-1)
You feel sick.
Your smoke demon gestures at the orc.
The orc is smitten.
The orc dies!
Makhleb accepts your collateral kill.
You can now summon a lesser servant of Makhleb.
Something hits your smoke demon but does no damage.
A hobgoblin comes into view. It is wielding a club.
MOVING TO (5,-1)
You feel sick.
Your smoke demon disappears in a puff of smoke!
The warg bites you but does no damage. The komodo dragon bites you!!
You die...

.................. , ,
..##................. ,
..##...........>g....., ,
..............o.o...... ,
* ...............o........
............o..oo.h.....,,
............¤o¤oo.......
*,
.............¤¤lh.......#*
.......##...¤43.g..##. , ,
, .......##....##¤...# ,,
, .............##........
,
........................,
######....#####.####.#.. ,
, #..#### #.#* *+# *
#+##** ** #.. , , , , *
### ,, ,, * * , ,,


You could see an orange demon, a komodo dragon, 2 wargs, 2 orc priests, an orc
wizard, 6 orcs, a hobgoblin and a friendly smoke demon.

Table legend:
 A = Turns spent in this place as a percentage of turns spent in the entire game.
 B = Non-inter-level travel turns spent in this place as a percentage of non-inter-level travel turns spent in the entire game.
 C = Inter-level travel turns spent in this place as a percentage of turns spent in this place.
 D = Turns resting spent in this place as a percentage of non-inter-level travel turns spent in this place.
 E = Turns spent auto-exploring this place as a percentage of non-inter-level travel turns spent in this place.
 F = Non-inter-level travel turns spent in this place divided by the number of levels of this place that you've seen.
                   A       B       C       D       E      F
               +-------+-------+-------+-------+-------+----------------------
         Total | 100.0 | 100.0 |   4.2 |   0.0 |  15.9 | 272.7
       Dungeon |  99.1 |  99.1 |   4.2 |   0.0 |  15.8 | 297.2
        Temple |   0.9 |   0.9 |   3.4 |   0.0 |  28.6 |  28.0
               +-------+-------+-------+-------+-------+----------------------

Table legend:
 A = Kills in this place as a percentage of kills in entire the game.
 B = Kills by you in this place as a percentage of kills by you in the entire game.
 C = Kills by friends in this place as a percentage of kills by friends in the entire game.
 D = Other kills in this place as a percentage of other kills in the entire game.
 E = Experience gained in this place as a percentage of experience gained in the entire game.
 F = Experience gained in this place divided by the number of levels of this place that you have seen.
                   A       B       C       D       E      F
               +-------+-------+-------+-------+-------+----------------------
         Total | 100.0 | 100.0 | 100.0 |  -nan | 100.0 | 648.8
       Dungeon | 100.0 | 100.0 | 100.0 |  -nan | 100.0 | 713.7
               +-------+-------+-------+-------+-------+----------------------

Vanquished Creatures
  Joseph (D:7)
  An orange demon (D:10)
  A hellwing (D:9)
  A ynoxinul (D:9)
  A yak (D:8)
  A deep elf mage (D:9)
  A hungry ghost (D:4)
  Eustachio (D:7)
  A hippogriff (D:9)
  A neqoxec (D:9)
  A water moccasin (D:9)
  A wolf (D:8)
  An orc warrior (D:6)
  2 phantoms
  A black bear (D:7)
  4 ice beasts
  3 ogres
  A sky beast (D:5)
  A centaur (D:6)
  2 crocodiles
  A giant frog (D:4)
  3 scorpions
  A hippogriff zombie (D:9)
  A troll zombie (D:7)
  4 killer bees (D:7)
  A hippogriff skeleton (D:5)
  A quasit (D:5)
  7 wights
  3 crimson imps
  A centaur zombie (D:9)
  12 orc wizards
  6 orc priests
  A black bear skeleton (D:6)
  3 hounds
  3 iguanas
  11 worker ants
  An ogre skeleton (D:9)
  A hound skeleton (D:6)
  A killer bee simulacrum (D:8)
  A worker ant zombie (D:6)
  11 adders
  2 shadow imps
  2 white imps (D:8)
  6 giant mites
  3 worms (D:3)
  2 giant geckos
  51 orcs
  3 ball pythons
  3 giant cockroaches
  23 goblins
  14 hobgoblins
  12 jackals
  13 kobolds
  8 quokkas
  11 bats
  A giant gecko zombie (D:7)
  3 giant newts
  A goblin skeleton (D:5)
  A hobgoblin skeleton (D:5)
  A hobgoblin zombie (D:5)
  An orc simulacrum (D:8)
  An orc skeleton (D:4)
  17 rats
  A rat zombie (D:5)
281 creatures vanquished.

Vanquished Creatures (collateral kills)
  A smoke demon (D:9)
  A phantom (D:9)
  A giant frog (D:10)
  3 orc wizards
  3 orcs
9 creatures vanquished.

Vanquished Creatures (others)
  An orc (D:6)
  A goblin (D:6)
  A quokka (D:6)
3 creatures vanquished.

Grand Total: 293 creatures vanquished

Notes
Turn   | Place    | Note
--------------------------------------------------------------
     0 | D:1      | gw, the Deep Dwarf Fighter, began the quest for the Orb.
     0 | D:1      | Reached XP level 1. HP: 20/20 MP: 1/1
     9 | D:1      | Noticed a gargoyle
    11 | D:1      | Noticed a minotaur
    11 | D:1      | Noticed a troll
    13 | D:1      | Noticed a naga
    13 | D:1      | Noticed a demigod
    15 | D:1      | Noticed a demonspawn
    17 | D:1      | Noticed a formicid
    17 | D:1      | Noticed an ogre
    19 | D:1      | Noticed a draconian
    21 | D:1      | Noticed a felid
    21 | D:1      | Noticed a vine stalker
    23 | D:1      | Noticed a human
    23 | D:1      | Noticed a tengu
    25 | D:1      | Noticed a vampire
    25 | D:1      | Noticed a merfolk
    27 | D:1      | Noticed a dwarf
    29 | D:1      | Noticed a spriggan
    29 | D:1      | Noticed a ghoul
    31 | D:1      | Noticed an elf
    33 | D:1      | Noticed an octopode
    33 | D:1      | Noticed a centaur
   130 | D:1      | Reached XP level 2. HP: 25/27 MP: 2/2
   843 | D:2      | Reached XP level 3. HP: 30/33 MP: 3/3
   948 | D:2      | Found a sparkling altar of Nemelex Xobeh.
  1522 | D:2      | Reached skill level 1 in Throwing
  1822 | D:3      | Reached skill level 4 in Armour
  1839 | D:3      | Reached XP level 4. HP: 32/42 MP: 4/4
  2327 | D:3      | Noticed a scorpion
  2341 | D:3      | Killed a scorpion
  2341 | D:3      | Reached XP level 5. HP: 22/49 MP: 5/5
  3118 | D:5      | Entered Level 5 of the Dungeon
  3183 | D:5      | Noticed an ogre
  3329 | D:5      | Reached XP level 6. HP: 37/57 MP: 6/6
  3378 | D:5      | Killed an ogre
  3378 | D:5      | Reached skill level 5 in Axes
  3415 | D:5      | Noticed a sky beast
  3429 | D:5      | Killed a sky beast
  3429 | D:5      | Reached skill level 5 in Armour
  3575 | D:5      | Reached XP level 7. HP: 42/64 MP: 7/7
  4430 | D:4      | Noticed a hungry ghost
  4450 | D:4      | Killed a hungry ghost
  4450 | D:4      | Reached skill level 6 in Axes
  4910 | D:4      | Reached XP level 8. HP: 32/73 MP: 7/7
  5194 | D:4      | Reached skill level 7 in Axes
  5399 | D:4      | Found a staircase to the Ecumenical Temple.
  5408 | Temple   | Entered the Ecumenical Temple
  5496 | Temple   | Became a worshipper of Makhleb the Destroyer
  6237 | D:6      | Found a white marble altar of Elyvilon.
  6269 | D:6      | Acquired Makhleb's first power
  6336 | D:6      | Reached skill level 1 in Invocations
  6340 | D:6      | Reached skill level 5 in Fighting
  7003 | D:7      | Reached skill level 8 in Axes
  7086 | D:7      | Acquired Makhleb's second power
  7176 | D:7      | Gained mutation: You passively map the area around you. [level up]
  7176 | D:7      | Reached XP level 9. HP: 54/81 MP: 8/10
  7353 | D:7      | Noticed Eustachio
  7360 | D:7      | Killed Eustachio
  7916 | D:7      | Noticed Joseph
  7942 | D:7      | Killed Joseph
  7942 | D:7      | Reached skill level 9 in Axes
  8110 | D:8      | Acquired Makhleb's third power
  8113 | D:8      | Noticed an orange demon
  8115 | D:8      | Reached skill level 5 in Throwing
  8559 | D:9      | Noticed Edmund
  8584 | D:9      | Reached XP level 10. HP: 38/91 MP: 14/14
  8691 | D:9      | Reached skill level 10 in Axes
  8946 | D:9      | Reached skill level 5 in Invocations
  9458 | D:10     | Entered Level 10 of the Dungeon
  9632 | D:10     | Found a staircase to the Orcish Mines.
  9640 | D:10     | Mangled by a komodo dragon

Action                   |  1- 3 |  4- 6 |  7- 9 | 10-12 || total
-------------------------+-------+-------+-------+-------++-------
Melee: War axe           |    74 |   155 |   437 |    89 ||   755
Throw: Stone             |    60 |   111 |    59 |       ||   230
       Javelin           |    12 |       |    74 |     9 ||    95
       Tomahawk          |       |    41 |    81 |    25 ||   147
Invok: Minor Destruction |       |       |    10 |    26 ||    36
       Lesser Servant of |       |       |     6 |     7 ||    13
 Abil: Device Recharging |       |       |     4 |     3 ||     7
Evoke: Wand              |       |     5 |    18 |     5 ||    28
  Use: Scroll            |     8 |     2 |     5 |     1 ||    16
       Potion            |     2 |     3 |     4 |       ||     9
 Stab: Distracted        |       |       |     1 |       ||     1
  Eat: Chunk             |     3 |     6 |    17 |     6 ||    32

Vault maps used:
D:1:      kb_arrival_jail, minmay_misc_feat_square
D:2:      first_bread, serial_bayou_lagoon_a, nemelex_xobeh_ov_fountains_minmay
D:4:      minmay_opposing_rooms, minmay_temple_entry_poolview,
          grunt_ministairs_8, minmay_misc_feat_roman
D:5:      corner_web_ring
D:6:      elyvilon_altar_4, minmay_strange_pillars
D:7:      uniq_eustachio, uniq_joseph
D:8:      serial_ice, serial_ice_i, serial_ice_m, serial_ice_b, serial_ice_n,
          serial_ice_h, serial_ice_e, serial_ice_a, serial_ice_d, serial_shops,
          shop, hangedman_ranch, trog_eyes_of_draining
D:9:      uniq_edmund
D:10:     erik_orc_4, serial_bayou, serial_bayou_lake_a, serial_bayou_shore_b,
          serial_bayou_pond_c, serial_bayou_shore_a
Temple:   lightli_temple_of_artemis
